 Dungeon Crawl Stone Soup version 0.31-a0-574-g69dc8cc98e (webtiles) character file.

Game seed: 10978810623662671835

30 ytrimaz the Insei (level 3, -2/23 HPs)
             Began as an Octopode Shapeshifter on Aug 18, 2023.
             Slain by a black bear (5 damage)
             ... on level 4 of the Dungeon.
             The game lasted 00:00:44 (778 turns).

ytrimaz the Insei (Octopode Shapeshifter)            Turns: 778, Time: 00:00:44

Health: -2/23      AC:  1    Str: 14    XL:     3   Next: 18%
Magic:  3/3        EV: 13    Int: 10    God:
Gold:   132        SH:  0    Dex: 14    Spells: 2/2 levels left

rFire   . .          .
                       - Unarmed
rCold   . . .        (no shield)
rNeg    . . .        (helmet currently unavailable)
rPois   .            (no amulet)
rElec   .            (no ring)
rCorr   .            (no ring)
SInv    .            (no ring)
Will    .....        (no ring)
Stlth   ++           (no ring)
HPRegen 0.23/turn    (no ring)
MPRegen 0.08/turn    (no ring)
                     (no ring)

%: no passive effects
@: beast-form
A: beast (slay +2), almost no armour, amphibious, 8 rings, camouflage 1,
gelatinous body 1, (nimble swimmer 1), tentacles
a: Begin Untransformation


You were on level 4 of the Dungeon.
You were a hulking beast.
You visited 1 branch of the dungeon, and saw 3 of its levels.

You collected 132 gold pieces.


Innate Abilities, Weirdness & Mutations

You are a hulking beast.
Your limbs bulge with bestial killing power. (Slay +2)
You cannot wear most types of armour.
You are amphibious.
You can wear up to eight rings at the same time.
Your skin changes colour to match your surroundings (Stealth+).
Your rubbery body absorbs attacks. (AC +1, EV +1)
((You are camouflaged when in or above water. (Stealth+)))
You have tentacles for arms and can constrict up to eight enemies at once.


   Skills:
 - Level 1.0 Fighting
 + Level 2.6 Dodging
 + Level 3.4 Unarmed Combat
 + Level 3.3 Shapeshifting


You had 2 spell levels left.
You didn't know any spells.
Your spell library was empty.

Inventory:

Talismans
 b - a beast talisman (active)
 c - a flux talisman
Scrolls
 d - a scroll of teleportation {unknown}
 f - a scroll of noise {unknown}
 g - 2 scrolls of identify {unknown}
 h - a scroll of immolation {unknown}
 k - a scroll of silence {unknown}
Potions
 a - a potion of lignification
 e - 2 potions of mutation {unknown}
 i - a potion of attraction {unknown}
 j - 2 potions of degeneration {unknown}
 l - 2 potions of invisibility {unknown}
 m - a potion of brilliance {unknown}

Dungeon Overview and Level Annotations

Branches:
Dungeon (2/15) Zot: 17223

Altars:

....... #
....... .#
#....h. #.#
#.....###..###
#...........#
#....K....###
#####.#.###
#####..#####.⌠.
#..hh..........
#.###...#####
#. ###.# #. #.#
#. #.# .. #.#
## #.# #.#
######.#


You could see a black bear.


Message History

The kobold shouts!
A kobold is nearby!
A kobold is nearby!
A kobold is nearby!
A kobold is nearby!
Unknown command.
The kobold hits you but does no damage.
You tentacle-slap the kobold but do no damage.
You grab the kobold. You constrict the kobold.
The kobold hits you but does no damage.
You tentacle-slap the kobold.
You kill the kobold!
Things that are here:
a +0 short sword; a kobold corpse Unknown command.
You now have 132 gold pieces (gained 12).
No target in view!
l - 2 fizzy purple potions (gained 1) Key pressed, stopping explore.
An adder comes into view.
An adder is nearby!
An adder is nearby!
An adder is nearby!
The helpless adder fails to defend itself.
You bludgeon the adder! Your grab misses the adder.
The adder closely misses you.
You tentacle-slap the adder. You grab the adder. You constrict the adder.
The adder bites you but does no damage.
You tentacle-slap the adder.
You kill the adder!
You have reached level 3!
Your experience leads to an increase in your attributes!
Increase (S)trength, (I)ntelligence, or (D)exterity?
You feel agile. x2 😎 HP[+5] MP[+1]
You now have 23 max hp (+5).
Your hp is fully restored (23).
Your mp is fully restored (3).
A kobold and a black bear come into view.
The kobold shouts!
You hear an angry hiss.
The black bear moves out of view.
A kobold is nearby!
A kobold is nearby!
A ball python comes into view.
There are monsters nearby!
There are monsters nearby!
The kobold barely misses you.
The kobold hits you with a +0 whip. 😕 HP[-4]
You take 4 damage, and now have 19/23 hp.
You closely miss the kobold. Your grab misses the kobold.
The kobold misses you.
Unknown command.
The kobold hits you with a +0 whip.
The ball python bites you but does no damage.
The ball python misses you. 😮 HP[-2]
You take 2 damage, and now have 17/23 hp.
The black bear growls angrily.
The kobold throws a stone.
The stone misses you. 😕 HP[+1] Unknown command.
The kobold puts on a burst of speed as it pursues you!
The ball python bites you. The ball python grabs you.
The ball python constricts you. 😮 HP[-1]
You take 1 damage, and now have 17/23 hp.
You closely miss the ball python. Your grab misses the ball python.
You squeeze the ball python. The ball python barely misses you.
The ball python constricts you. 😮 HP[-1]
You take 1 damage, and now have 16/23 hp.
You completely miss the ball python. Your grab misses the ball python.
You squeeze the ball python.
You kill the ball python!
Unknown command.
You bludgeon the kobold!
You kill the kobold!
The black bear bites you but does no damage.
The black bear closely misses you. The black bear claws you.
Items here: ( ) ††. 😮 HP[-1]
You take 1 damage, and now have 15/23 hp.
You tentacle-slap the black bear. You grab the black bear.
You constrict the black bear, but do no damage.
The black bear misses you. The black bear claws you. x2 😮 HP[-3]
You take 3 damage, and now have 12/23 hp.
Unknown command.
You tentacle-slap the black bear. You constrict the black bear.
The black bear bites you.
* * * LOW HITPOINT WARNING * * *
The black bear barely misses you. The black bear claws you.
* * * LOW HITPOINT WARNING * * *
😱 HP[-9]
You take 9 damage, and now have 3/23 hp.
MASSIVE DAMAGE!! (PAUSE)
You tentacle-slap the black bear. You constrict the black bear.
The black bear bites you.
You die...

Action                     || total
---------------------------++-------
  Melee: Unarmed           ||    33
         Constrict         ||    10
         Tentacles         ||     8
   Stab: Sleeping          ||     9
 Armour: Skin              ||     7
  Dodge: Dodged            ||    20

Levels and vault maps discovered:
D:1:      nzn_arrival_water_spiral, layout_rooms
D:2:      layout_basic, minmay_gold_behind_fungi, minmay_snake_closets
D:4:      layout_loops_ring, dancing_weapons_uskayaw,
          minmay_temple_entry_junction

Notes
Turn   | Place    | Note
-------+----------+-------------------------------------------
     0 | D:1      | ytrimaz the Octopode Shapeshifter began the quest for the
                  | Orb.
     0 | D:1      | Reached XP level 1. HP: 13/13 MP: 1/1
     0 | D:1      | magus.rc [v1.9.6]
   269 | D:1      | Reached XP level 2. HP: 18/18 MP: 2/2
   507 | D:2      | You fall into a shaft and drop 2 floors!
   742 | D:4      | Reached XP level 3. HP: 23/23 MP: 3/3
   760 | D:4      | Noticed a black bear
   777 | D:4      | HP: 3/23 [black bear (3)]
   778 | D:4      | Slain by a black bear

Vanquished Creatures
  An adder (D:4)
  A worm (D:4)
  A dart slug (D:1)
  A ball python (D:4)
  2 giant cockroaches
  A goblin (D:1)
  2 hobgoblins (D:1)
  2 kobolds (D:4)
  3 bats (D:1)
  A rat (D:1)
15 creatures vanquished.

Table legend:
 A = Non-vault XP
 B = Vault XP
 C = Vault XP percentage of total XP
 D = Non-vault monster count
 E = Vault monster count
 F = Vault count percentage of total count
                 A         B        C        D         E       F
            +---------+---------+-------+---------+---------+-------
      Total |      43 |       0 |   0.0 |      15 |       0 |   0.0
            +---------+---------+-------+---------+---------+-------
        D:1 |      16 |       0 |   0.0 |       9 |       0 |   0.0
        D:4 |      27 |       0 |   0.0 |       6 |       0 |   0.0
            +---------+---------+-------+---------+---------+-------

Action                     || total
---------------------------++-------
  Melee: Unarmed           ||    33
         Constrict         ||    10
         Tentacles         ||     8
   Stab: Sleeping          ||     9
 Armour: Skin              ||     7
  Dodge: Dodged            ||    20

Illustrated notes

Table legend:
 A = Kills in this place as a percentage of kills in the entire game.
 B = Kills by you in this place as a percentage of kills by you in the entire game.
 C = Kills by friends in this place as a percentage of kills by friends in the entire game.
 D = Other kills in this place as a percentage of other kills in the entire game.
 E = Experience gained in this place as a percentage of experience gained in the entire game.
 F = Experience gained in this place divided by the number of levels of this place that you have seen.
                   A       B       C       D       E      F
               +-------+-------+-------+-------+-------+----------------------
         Total | 100.0 | 100.0 |   N/A |   N/A | 100.0 |  14.3
       Dungeon | 100.0 | 100.0 |   N/A |   N/A | 100.0 |  14.3
               +-------+-------+-------+-------+-------+----------------------

Table legend: (Time is in decaauts)
 A = Elapsed time spent in this place.
 B = Non-inter-level travel time spent in this place.
 C = Inter-level travel time spent in this place.
 D = Time resting spent in this place.
 E = Time spent auto-exploring this place.
 F = Levels seen in this place.
 G = Mean time per level.
                   A        B        C        D        E       F      G
               +--------+--------+--------+--------+--------+-----+--------+
         Total |    775 |    751 |     24 |      0 |    611 |   3 |  258.3 |
       Dungeon |    775 |    751 |     24 |      0 |    611 |   3 |  258.3 |
               +--------+--------+--------+--------+--------+-----+--------+

Top non-repeatable levels by time:
     D:1: 485 daAuts
     D:4: 269 daAuts
     D:2: 19 daAuts
